 Dungeon Crawl Stone Soup version 0.17-a0-701-gb6462b4 (webtiles) character file.

107 talyn the Ruffian (level 4, -2/45 HPs)
             Began as a Troll Berserker on Apr 19, 2015.
             Was a Believer of Trog.
             Slain by an iguana (10 damage)
             ... on level 3 of the Dungeon.
             The game lasted 00:04:16 (1731 turns).

talyn the Ruffian (Troll Berserker)                 Turns: 1731, Time: 00:04:16

Health: -2/45      AC:  6    Str: 25    XL:     4   Next: 57%
Magic:  3/3        EV: 10    Int:  3    God:    Trog [**....]
Gold:   98         SH:  0    Dex: 10    Spells: 0 memorised, 3 levels left

rFire  . . .     SeeInvis .       - Unarmed
rCold  . . .     Clarity  .     b - +0 animal skin
rNeg   . . .     SustAb   .     (no shield)
rPois  .         Gourm    +     g - +1 hat
rElec  .         Spirit   .     (no cloak)
rCorr  .         Warding  .     (gloves unavailable)
rMut   .         Stasis   .     (boots unavailable)
MR     .....                    (no amulet)
Stlth  +.........               (no ring)
                                (no ring)

@: not resistant to hostile enchantments, very unstealthy
A: unfitting armour, claws 3, fast metabolism 3, gourmand, regeneration 2,
shaggy fur 1, tough skin 2
a: Burn Spellbooks, Berserk, Trog's Hand, Renounce Religion


You were on level 3 of the Dungeon.
You worshipped Trog.
Trog was pleased with you.
You were very full.

You visited 1 branch of the dungeon, and saw 3 of its levels.

You collected 98 gold pieces.

Inventory:

Armour
 b - a +0 animal skin (worn)
 g - a +1 hat (worn)
Jewellery
 j - an uncursed ring of teleportation
Scrolls
 c - a scroll of amnesia {unknown}
 e - 3 scrolls of remove curse
 i - a scroll of identify
Potions
 d - 2 potions of might
 f - 2 potions of agility
 h - a potion of brilliance {unknown}
 l - 2 potions of heal wounds
Comestibles
 a - 5 bread rations
 m - a meat ration
 o - 2 fruits


   Skills:
 + Level 3.2 Fighting
 + Level 3.2 Dodging
 + Level 4.0 Unarmed Combat


You had 3 spell levels left.
You didn't know any spells.

Dungeon Overview and Level Annotations

Branches:
Dungeon (3/15)

Altars:
Kikubaaqudgha
Nemelex Xobeh


Innate Abilities, Weirdness & Mutations

You are too large for most types of armour.
You have claws for hands.
Your metabolism is lightning-fast.
You like to eat raw meat.
You heal very quickly.
You are covered in fur (AC +1).
You have very tough skin (AC +2).


Message History

The iguana closely misses you.
You barely miss the iguana.
The iguana is almost dead.
The iguana bites you!
* * * LOW HITPOINT WARNING * * *
You closely miss the iguana.
The iguana is almost dead.
The iguana bites you but does no damage.
You barely miss the iguana.
The iguana is almost dead.
You scratch the iguana but do no damage.
The iguana is almost dead.
The iguana barely misses you.
You closely miss the iguana.
The iguana is almost dead.
The iguana closely misses you.
You completely miss the iguana.
The iguana is almost dead.
The iguana bites you!
You die...

######### ##.......#
#.......)+ #........#
#...@l...# #.########
##########.####
#.............#
#.............#
#.............#
####.............####
...................... .
####.........รท...#######..


You could see an iguana (bleeding).

Vanquished Creatures
  A hound (D:3)
  Ijyb (D:2)
  An adder (D:2)
  A worm (D:2)
  4 ball pythons
  A giant cockroach (D:1)
  3 hobgoblins (D:1)
  3 jackals (D:1)
  2 bats (D:1)
  A giant gecko (D:2)
  4 giant newts
  9 goblins
  6 kobolds
  A quokka (D:2)
  7 rats
45 creatures vanquished.

Notes
Turn   | Place    | Note
--------------------------------------------------------------
     0 | D:1      | talyn, the Troll Berserker, began the quest for the Orb.
     0 | D:1      | Reached XP level 1. HP: 22/22 MP: 0/0
   253 | D:1      | Reached XP level 2. HP: 29/29 MP: 1/1
   495 | D:1      | Acquired Trog's second power
   923 | D:2      | Noticed Ijyb
   940 | D:2      | Killed Ijyb
   940 | D:2      | Reached XP level 3. HP: 32/37 MP: 2/2
  1126 | D:2      | Found a sparkling altar of Nemelex Xobeh.
  1202 | D:2      | Reached XP level 4. HP: 43/45 MP: 3/3
  1596 | D:3      | Found an ancient bone altar of Kikubaaqudgha.
  1677 | D:3      | Reached skill level 4 in Unarmed Combat
  1731 | D:3      | Slain by an iguana

Action                   |  1- 3 |  4- 6 || total
-------------------------+-------+-------++-------
Melee: Unarmed           |   106 |    31 ||   137
Invok: Berserk           |     1 |       ||     1
  Use: Scroll            |     4 |     8 ||    12
  Eat: Chunk             |    16 |     5 ||    21
